Map: Neon Violet Square LE

Players

INnoVation - Winner!

  • Race: Terran Terran
  • Spawn Location: 11:00

TRUE

  • Race: Zerg Zerg
  • Spawn Location: 5:00

Event: IEM Season 12 - Katowice

VOD

https://www.youtube.com/watch?v=MH1b9AekLbQ

Description

True opens Hatch First while INnoVation opens with a Reaper Expand. INnoVation's first Reaper doesn't get much scouting information but keeps it on top of True's 2nd expansion location to see when it goes down after Zergling Speed finishes.

INnoVation follows up with cloaked Banshees while dropping Hellbats at the main and sending Hellbats to the 3rd. True counters with a Baneling bust and manages to get his Zerglings on top of most of INnoVation's SCVs at his natural before they escape up the ramp. Meanwhile, both players are also microing on the other side of the map where Hellbats continue to attack at the 3rd.

The cloaked Banshees finally make it across the map, but True already has Spore Crawlers up to defend. INnoVation finds an opening at the main and picks off a few workers and Queens. The game begins to settle down as both players get back to macro and upgrades, and True extends his creep coverage.

INnoVation transitions into Bio Tank with continued Banshee harassment while True continues to mass Zerglings and Banelings into Hydralisks. INnoVation gets a big drop on the main while he pushes in at the front with his Tanks as INnoVation maintains a supply lead. They push back and forth, but the Tank support is too much as True calls GG.

Time

  • Played on: March 1, 2018, 10:50 a.m.
  • Length: 13:10

All games in this series

Show
View Real Time Build Order
Export as new Build Order

INnoVation Terran - Winner!

Build Orders: Reaper Expand, Hellion Banshee, MMM Bio 

Get SALT Encoding   

  12  0:00  SCV  
  13  0:12  SCV  
  14  0:17  Supply Depot  
  14  0:24  SCV  
  15  0:39  SCV  
  15  0:40  Barracks  
  16  0:44  Refinery  
  16  0:51  SCV  
  17  1:03  SCV  
  18  1:15  SCV  
  19  1:27  Reaper, Orbital Command  
  20  1:41  Command Center  
  20  1:50  Supply Depot  
  20  1:53  SCV  
  21  1:59  Marine  
  22  2:05  SCV  
  22  2:08  Factory  
  23  2:12  Refinery  
  23  2:17  SCV  
  23  2:21  Barracks Reactor  
  24  2:29  SCV  
  25  2:41  SCV  
  26  2:52  Orbital Command  
  26  2:53  SCV, Starport  
  27  3:00  Hellion x2  
  31  3:05  SCV  
  32  3:14  Supply Depot, Barracks Tech Lab  
  32  3:18  SCV x2  
  34  3:21  Hellion  
  34  3:22  Hellion  
  38  3:30  SCV x2  
  40  3:35  Medivac  
  40  3:36  Supply Depot  
  40  3:40  Armory  
  42  3:46  Hellion  
  42  3:47  Hellion  
  46  3:49  SCV  
  46  3:50  SCV  
  48  4:00  Supply Depot  
  48  4:01  SCV  
  48  4:02  SCV  
  50  4:05  Cloaking Field  
  50  4:09  Hellion x2  
  54  4:13  Banshee  
  57  4:17  Barracks Tech Lab  
  57  4:20  SCV x2  
  57  4:23  Supply Depot  
  59  4:30  Hellion x2  
  63  4:34  SCV x2  
  63  4:36  Stimpack  
  65  4:50  SCV x2  
  63  4:56  Banshee  
  63  4:57  Command Center  
  66  5:02  SCV x2  
  66  5:04  Marine  
  66  5:05  Supply Depot  
  69  5:09  Hellion x2  
  62  5:36  SCV x2  
  62  5:40  Hellion x2  
  57  5:55  Supply Depot  
  57  5:56  Supply Depot  
  51  6:09  Command Center  
  51  6:16  SCV x2  
  51  6:17  Banshee  
  60  6:31  SCV x2  
  62  6:36  Supply Depot  
  62  6:39  Marine, Engineering Bay  
  59  6:40  Engineering Bay  
  59  6:43  SCV x2, Factory Reactor  
  59  6:55  SCV x2  
  59  6:56  Combat Shields  
  59  6:57  Marine  
  59  6:59  Barracks  
  59  7:00  Supply Depot, Barracks  
  62  7:03  Banshee  
  62  7:07  SCV x2  
  67  7:13  Refinery, Terran Infantry Armor Level 1, Terran Infantry Weapons Level 1  
  67  7:14  Refinery  
  64  7:16  Marine  
  64  7:19  SCV x2  
  67  7:23  Orbital Command  
  64  7:31  SCV x2  
  64  7:34  Marine  
  67  7:43  SCV x2  
  69  7:52  Orbital Command, Marine x3  
  69  7:55  SCV  
  69  7:56  SCV, Marine  
  69  7:57  Marine  
  76  7:59  Starport Reactor  
  76  8:01  Supply Depot, Siege Tank  
  76  8:02  Supply Depot  
  79  8:08  SCV x2  
  79  8:10  Marine x3  
  84  8:12  Barracks  
  84  8:13  Barracks  
  84  8:14  Marine x2  
  84  8:18  SCV  
  87  8:20  SCV x2  
  87  8:21  Supply Depot  
  87  8:24  Supply Depot  
  89  8:28  Marine x3  
  89  8:30  SCV  
  89  8:32  SCV x2, Marine x2  
  89  8:33  Siege Tank  
  100  8:39  Medivac  
  100  8:40  Medivac  
  104  8:42  SCV  
  104  8:44  SCV x2, Refinery x2  
  104  8:46  Supply Depot  
  104  8:47  Supply Depot  
  107  8:58  Marine x5  
  112  9:03  SCV x3  
  112  9:05  Siege Tank  
  112  9:06  Terran Infantry Armor Level 2, Terran Infantry Weapons Level 2  
  115  9:10  Supply Depot x2, Medivac  
  115  9:12  Medivac  
  119  9:17  SCV x3  
  122  9:29  Command Center  
  122  9:36  Factory  
  122  9:37  Terran Vehicle And Ship Armor Level 1, Supply Depot  
  122  9:38  Siege Tank  
  125  9:40  Marine x2  
  125  9:41  Marine x2  
  125  9:43  Barracks Reactor x2  
  129  9:48  Marauder  
  131  9:55  Medivac  
  131  9:56  Medivac  
  131  9:57  Supply Depot  
  131  9:58  Supply Depot, Marine x3  
  130  10:07  Marine  
  130  10:09  Marauder  
  130  10:12  SCV x3  
  134  10:16  Marine x3  
  134  10:20  Marine x4  
  141  10:25  Marine  
  141  10:26  Factory Tech Lab  
  134  10:29  Siege Tank  
  134  10:31  Marauder  
  134  10:34  Marine x3  
  142  10:36  Medivac  
  142  10:38  Marine x4, Medivac  
  150  10:45  Planetary Fortress  
  150  10:49  SCV x3  
  153  10:52  Marauder  
  153  10:54  Marine x4  
  153  10:55  Marine  
  160  10:59  Siege Tank  
  160  11:02  Siege Tank  
  166  11:06  Marine x3  
  166  11:08  Concussive Shells  
  169  11:11  Marine  
  169  11:12  Marine  
  169  11:13  Marauder  
  173  11:22  Medivac  
  173  11:23  Marine x3  
  173  11:24  Marine x2  
  173  11:25  Barracks  
  182  11:27  Barracks  
  182  11:28  Barracks  
  182  11:30  Ghost Academy  
  182  11:35  Marauder  
  181  11:42  Marine x8  
  181  11:54  Siege Tank  
  181  11:56  Marine  
  181  11:57  Siege Tank  
  181  12:00  Marine x8  
  172  12:14  Marauder  
  172  12:18  Marine x5  
  172  12:21  Barracks Tech Lab x2  
  172  12:23  Barracks Tech Lab  
  172  12:24  Marine  
  172  12:25  Marine x2  
  172  12:28  Command Center  
  161  12:32  Siege Tank  
  161  12:33  Siege Tank, Medivac x2  
  161  12:35  Marine, Marauder  
  161  12:36  Marine x4  
  176  12:42  Marine x3  
  176  12:44  Refinery  
  179  12:45  Refinery  
  178  12:55  Command Center  
Show
View Real Time Build Order
Export as new Build Order

TRUE Zerg 

Build Orders: Hatch First, Zergling Baneling 

Get SALT Encoding   

  12  0:00  Drone  
  13  0:12  Overlord  
  13  0:23  Drone  
  14  0:31  Drone x2  
  14  0:34  Drone  
  17  0:54  Hatchery  
  16  0:59  Drone  
  17  1:11  Spawning Pool  
  17  1:13  Drone  
  17  1:17  Extractor  
  16  1:19  Drone  
  16  1:23  Drone  
  18  1:29  Drone  
  19  1:39  Overlord  
  19  1:57  Queen  
  19  1:58  Zergling x2  
  19  2:00  Zergling x2  
  23  2:05  Queen  
  23  2:06  Drone  
  26  2:11  Drone  
  27  2:17  Metabolic Boost  
  27  2:19  Drone  
  27  2:22  Drone  
  29  2:27  Drone  
  30  2:35  Drone  
  30  2:37  Queen  
  30  2:40  Drone  
  33  2:44  Evolution Chamber  
  33  2:47  Drone  
  33  2:49  Drone  
  34  2:54  Overlord  
  34  3:00  Drone  
  34  3:04  Drone  
  36  3:11  Zerg Melee Weapons Level 1  
  36  3:13  Drone x3  
  36  3:15  Drone  
  36  3:16  Drone  
  36  3:18  Drone  
  42  3:20  Drone  
  42  3:23  Drone  
  44  3:37  Hatchery, Zergling x2  
  44  3:42  Baneling Nest, Zergling x2  
  44  3:48  Overlord  
  44  3:51  Overlord  
  44  4:01  Overlord  
  44  4:06  Zergling x8  
  44  4:07  Zergling x4  
  50  4:11  Zergling x2  
  50  4:16  Zergling x2  
  52  4:19  Zergling x8  
  52  4:20  Zergling x4  
  52  4:24  Zergling x2  
  59  4:30  Zergling x2  
  60  4:37  Zergling x2  
  61  4:44  Zergling x2  
  60  4:46  Zergling x2  
  60  4:49  Zergling x4  
  60  4:51  Zergling x6  
  60  4:52  Zergling x4  
  66  4:55  Baneling x3  
  66  4:56  Baneling x7  
  66  4:58  Zergling x4  
  69  5:00  Spine Crawler, Zergling x2  
  69  5:04  Zergling x2  
  69  5:09  Zergling x2  
  69  5:10  Zergling x2  
  69  5:15  Zergling x2  
  66  5:23  Drone  
  66  5:24  Drone x4  
  69  5:30  Zergling x2  
  69  5:32  Zergling x2  
  69  5:33  Zergling x2  
  71  5:37  Drone x2  
  71  5:38  Drone  
  63  5:43  Drone x2  
  63  5:50  Zergling x2  
  63  5:55  Spore Crawler x2  
  53  5:59  Zergling x4  
  53  6:00  Zergling x2  
  53  6:03  Baneling x4  
  53  6:04  Queen, Zergling x2  
  53  6:05  Queen, Lair  
  53  6:08  Drone x2  
  53  6:09  Extractor  
  53  6:10  Extractor  
  58  6:14  Drone  
  58  6:17  Drone x2  
  61  6:24  Baneling x2  
  60  6:25  Zergling x4  
  60  6:27  Spore Crawler, Zergling x2  
  60  6:30  Zergling x2  
  60  6:31  Zergling x2  
  60  6:32  Zergling x2  
  62  6:34  Zergling x2  
  62  6:38  Overlord  
  62  6:41  Drone  
  62  6:44  Queen  
  60  6:47  Drone  
  60  6:51  Drone  
  58  6:56  Drone  
  58  6:57  Drone  
  58  6:59  Drone x2  
  58  7:00  Drone x2  
  64  7:02  Drone  
  60  7:11  Queen  
  60  7:12  Queen  
  60  7:13  Drone x3  
  67  7:16  Drone x3  
  67  7:17  Overseer  
  67  7:20  Drone  
  67  7:22  Drone  
  72  7:23  Drone  
  72  7:26  Drone  
  72  7:28  Overlord  
  74  7:30  Zerg Ground Armor Level 1  
  74  7:35  Overlord  
  74  7:36  Overlord  
  73  7:38  Drone  
  73  7:39  Overlord  
  73  7:44  Overlord  
  74  7:47  Drone x2  
  74  7:48  Drone x2  
  74  7:49  Drone  
  79  7:52  Drone  
  79  7:55  Drone  
  79  7:57  Drone, Extractor, Centrifical Hooks  
  81  8:00  Drone  
  81  8:01  Drone  
  81  8:02  Drone  
  81  8:04  Drone  
  81  8:05  Drone  
  86  8:06  Drone  
  86  8:08  Drone  
  86  8:09  Drone  
  86  8:12  Drone  
  90  8:15  Drone x3  
  90  8:16  Drone  
  90  8:18  Extractor  
  90  8:19  Drone, Extractor  
  93  8:24  Zergling x2  
  93  8:25  Zergling x2  
  96  8:29  Zergling x2  
  96  8:31  Zergling x6  
  96  8:33  Zergling x2  
  99  8:38  Spore Crawler, Hatchery  
  99  8:40  Drone x3  
  98  8:44  Overlord  
  98  8:47  Zergling x2  
  100  8:49  Drone  
  100  8:52  Drone x2  
  97  9:10  Drone x3  
  97  9:11  Drone, Hatchery  
  97  9:12  Zergling x2  
  97  9:13  Zergling x14  
  97  9:14  Baneling x9  
  97  9:15  Baneling  
  97  9:16  Zergling x4  
  110  9:21  Zergling x2  
  110  9:24  Zergling x2  
  112  9:26  Zerg Ground Armor Level 2, Zergling x2  
  112  9:30  Evolution Chamber  
  112  9:33  Baneling x5  
  112  9:34  Zergling x2  
  112  9:36  Zergling x2  
  112  9:38  Zergling x2  
  115  9:39  Zergling x2  
  115  9:43  Overlord  
  115  9:44  Overlord x2  
  116  9:46  Overlord  
  116  9:55  Baneling x2  
  112  10:01  Zergling x2  
  112  10:04  Queen, Zerg Melee Weapons Level 2  
  112  10:08  Drone x2, Hydralisk Den  
  112  10:09  Zergling x2  
  112  10:10  Zergling x16  
  112  10:12  Zergling x2  
  123  10:18  Zergling x2  
  123  10:21  Zergling x2  
  119  10:22  Zergling x4  
  119  10:23  Zergling x4  
  119  10:24  Zergling x2  
  120  10:29  Zergling x4  
  120  10:31  Zergling x2  
  120  10:33  Zergling x2  
  120  10:34  Zergling x2  
  120  10:35  Zergling x4  
  127  10:36  Zergling x2  
  127  10:38  Zergling x6  
  127  10:40  Hydralisk x2  
  127  10:41  Hydralisk, Grooved Spines  
  137  10:47  Baneling x4, Hydralisk  
  137  10:48  Baneling x5, Hydralisk  
  137  10:49  Hydralisk  
  143  10:50  Infestation Pit  
  143  10:51  Hydralisk  
  143  10:53  Hydralisk  
  143  10:55  Hydralisk  
  148  11:00  Overlord  
  148  11:02  Overlord  
  148  11:05  Overlord  
  148  11:07  Overlord  
  148  11:08  Hydralisk  
  150  11:12  Overlord x2  
  150  11:15  Overlord  
  150  11:19  Overlord, Hydralisk  
  150  11:22  Hydralisk x2  
  150  11:25  Hydralisk  
  155  11:28  Zergling x10  
  157  11:37  Zergling x2  
  156  11:40  Zergling x4  
  156  11:41  Zergling x8  
  156  11:42  Zergling x2  
  156  11:44  Zergling x2  
  156  11:45  Zergling x4  
  156  11:46  Zergling x2  
  156  11:47  Zergling x2  
  164  11:52  Zergling x6  
  161  11:58  Zergling x14  
  161  11:59  Zergling x2  
  161  12:00  Zergling x2  
  157  12:02  Zergling x4  
  157  12:03  Zergling x2  
  157  12:04  Zergling x2  
  138  12:08  Zergling x6  
  138  12:12  Zergling x2  
  138  12:13  Baneling x3, Zergling x6  
  138  12:14  Baneling x2  
  138  12:15  Zergling x2  
  142  12:17  Zergling x2  
  142  12:21  Zergling x4  
  130  12:23  Zergling x2  
  130  12:24  Baneling  
  130  12:25  Baneling x6  
  130  12:26  Zergling x2  
  130  12:27  Zergling x2  
  122  12:30  Zergling x6  
  122  12:31  Zergling x4  
  122  12:32  Zergling x2  
  122  12:34  Zergling x4  
  122  12:35  Zergling x2  
  122  12:36  Zergling x2  
  126  12:38  Zergling x2  
  126  12:42  Zergling x2  
  126  12:44  Zergling x2  
  129  12:46  Zergling x2  
  129  12:47  Zergling x2  
  129  12:49  Zergling x2  
  124  12:56  Overseer  

Tags
 
Add a new tag
Caveats
  • Supply blocks, unpowered buildings, or Contaminate may cause inaccurate times.
  • Supply counts are checked every 10 seconds.